 Dungeon Crawl Stone Soup version 0.19-a0-630-g098d46c (webtiles) character file.

90667 Hubbles the Severer (level 15, 0/183 HPs)
             Began as a Demonspawn Berserker on June 14, 2016.
             Was the Champion of Trog.
             Succumbed to Asterion's poison
             ... on level 1 of the Spider Nest.
             The game lasted 00:50:43 (24829 turns).

Hubbles the Severer (Demonspawn Berserker)         Turns: 24829, Time: 00:50:44

Health: 0/183      AC: 31    Str: 27    XL:     15   Next: 52%
Magic:  17/17      EV: 11    Int: 12    God:    Trog [******]
Gold:   856        SH:  7    Dex: 13    Spells: 0 memorised, 14 levels left

rFire  . . .     SeeInvis .     a - +6 broad axe (elec)
rCold  . . .     Gourm    .     l - +14 plate armour of the Special Places {rF- rN++}
rNeg   + + +     Faith    .     r - +0 buckler
rPois  .         Spirit   .     (helmet restricted)
rElec  .         Dismiss  .     g - +2 cloak {MR+}
rCorr  .         Reflect  .     h - +1 pair of gloves
SustAt .         Harm     .     (boots unavailable)
MR     ++...                    (no amulet)
Stlth  ..........               I - ring of positive energy
                                f - ring of flight

@: berserking (expiring), lethally poisoned (0 -> -102), corroded, very quick,
very resistant to hostile enchantments, extremely unstealthy
A: horns 1, talons 3, repulsion field 2, clever 1, fire resistance 1,
nightstalker 2, regeneration 2
a: Berserk, Trog's Hand, Brothers in Arms, Burn Spellbooks, Renounce Religion,
Evoke Flight


You were on level 1 of the Spider Nest.
You worshipped Trog.
Trog was exalted by your worship.
You were not hungry.

You visited 4 branches of the dungeon, and saw 24 of its levels.

You collected 2268 gold pieces.
You spent 1412 gold pieces at shops.

Inventory:

Hand Weapons
 a - a +6 broad axe of electrocution (weapon)
 M - the +7 greatsling "Punk" {freeze, rC+}
   (You found it on level 14 of the Dungeon)

   It causes projectiles fired from it to freeze those they strike, causing
   extra injury to most foes and up to half again as much damage against
   particularly susceptible opponents.
   They can also slow down cold-blooded creatures.
   It protects you from cold.
Missiles
 E - a throwing net (quivered)
Armour
 g - a +2 cloak of magic resistance (worn)
 h - a +1 pair of gloves (worn)
 l - the +14 plate armour of the Special Places (worn) {rF- rN++}
   (You found it on level 10 of the Dungeon)

   It makes you vulnerable to fire.
   It greatly protects you from negative energy.
 r - a +0 buckler (worn)
 x - a +0 shield
 F - a +1 plate armour of poison resistance
Jewellery
 f - a ring of flight (left hand)
 I - a ring of positive energy (right hand)
Wands
 y - a wand of flame (26/48)
 z - a wand of hasting (4/9)
 D - a wand of hasting (6/9)
 G - a wand of iceblast (4/15)
 H - a wand of digging (12/24)
Scrolls
 b - 3 scrolls of identify
 i - 10 scrolls of remove curse
 j - 3 scrolls of fog
 s - 5 scrolls of blinking
 t - a scroll of fear
 C - 5 scrolls of teleportation
 J - a scroll of magic mapping
 L - a scroll of recharging
Potions
 d - 2 potions of ambrosia
 e - 2 potions of berserk rage
 k - a potion of haste
 n - 2 potions of resistance
 o - a potion of might
 p - 3 potions of invisibility
 q - a potion of cure mutation
 u - 7 potions of curing
 w - 3 potions of lignification
 A - a potion of cancellation
Comestibles
 c - 12 bread rations
 v - 24 fruits
 B - 3 meat rations


   Skills:
 + Level 12.6 Fighting
 * Level 16.1 Axes
 + Level 11.5 Armour
 - Level 1.7 Dodging
 * Level 11.4 Shields
 + Level 3.2 Evocations


You had 14 spell levels left.
You didn't know any spells.

Dungeon Overview and Level Annotations

Branches:
Dungeon (15/15)            Temple (0/1) D:4            Lair (6/6) D:9
 Shoals (0/4) Lair:4       Spider (1/4) Lair:3        Slime (0/5) Lair:5
    Orc (2/2) D:11            Elf (0/3) Orc:2        Vaults (0/5) D:13
 Depths (0/5) D:15

Altars:
Cheibriados
Fedhas
Gozag
Hepliaklqana
Kikubaaqudgha
Makhleb
Nemelex Xobeh
Okawaru
Pakellas
Sif Muna
Trog
Xom
The Shining One
Beogh

Shops:
D:4 %   D:11 !   Orc:2 %([}

Annotations:
Spider:1 Asterion


Innate Abilities, Weirdness & Mutations

You have claws for feet.
You are surrounded by a moderate repulsion field. (EV +3)
You are significantly more attuned to the shadows.
You have a pair of small horns on your head.
Your mind is acute. (Int +2)
Your flesh is heat resistant. (rF+)
You heal very quickly.


Message History

The balrug is almost dead.
Your plate armour of the Special Places prevents you from hitting the jumping spider.
You are covered in liquid flames!
* * * LOW HITPOINT WARNING * * *
x2 You feel very sick.
You block the jumping spider's attack. The jumping spider bites you.
* * * LOW HITPOINT WARNING * * *
You are too injured to fight recklessly!
You are covered in liquid flames!
* * * LOW HITPOINT WARNING * * *
x2 You feel extremely sick.
Asterion hits you but does no damage.
You are more poisoned.
Asterion gores you but does no damage. The jumping spider barely misses you.
The jumping spider misses you.
Things that are here:
a tarantella corpse; a redback corpse You are too berserk!
You feel a strong urge to attack something.
You die...

#####
......#
.....(.##
.(.....<##
.........#
.........#
..#....###
....s2@#
....)†##
.....H#
.......
........
........#
.........


You could see Asterion, a balrug and a jumping spider.

Vanquished Creatures
  Frances (Spider:1)
  Maud (Lair:3)
  2 orc warlords
  A dire elephant (D:15)
  An ettin (Orc:1)
  Erolcha (D:10)
  A vault guard (D:13)
  9 hydras
  A death knight (D:14)
  5 centaur warriors
  3 catoblepae (Lair:6)
  Urug (Lair:2)
  11 death yaks (Lair:6)
  3 tengu warriors
  2 orc high priests (Orc:2)
  2 deep elf knights (D:12)
  The ghost of Rohain the Nimble, a novice DrCj of Vehumet (D:9)
  2 skeletal warriors (D:14)
  3 unseen horrors
  12 hill giants
  3 orc knights
  An orc sorcerer (Orc:2)
  2 wolf spiders
  An ugly thing (D:12)
  3 cyclopes
  The ghost of broliato the Sneak, a novice HaAs (D:5)
  A manticore (D:15)
  6 elephants (Lair:3)
  2 black mambas
  2 centaur zombies
  A siren (Lair:4)
  2 gargoyles
  2 rime drakes
  10 spiny frogs
  2 kobold demonologists
  4 komodo dragons
  2 freezing wraiths
  2 yaktaurs
  2 demonic crawlers (D:14)
  2 tengu conjurers
  A queen bee (Lair:4)
  13 trolls
  6 meliai
  2 two-headed ogres
  Prince Ribbit (D:7)
  A jumping spider (Lair:3)
  The ghost of Crabhammer the Bolt Thrower, an amateur FoHu (D:4)
  2 boulder beetles (D:14)
  5 blink frogs (Lair:3)
  7 slime creatures
  A harpy skeleton (D:15)
  2 wyverns
  4 redbacks
  3 tarantellas (Spider:1)
  34 yaks
  3 basilisks
  3 wraiths
  3 hungry ghosts
  7 vampire mosquitoes
  2 hippogriffs (D:8)
  Menkaure (D:5)
  3 mottled dragons
  3 wargs
  2 water moccasins
  2 porcupines
  2 black bears
  A phantom (D:5)
  An ice beast (D:8)
  54 orc warriors
  2 wasps
  A boggart (D:13)
  3 necrophages
  8 ogres
  7 centaurs
  10 crocodiles
  The ghost of broliato the Shield-Bearer, an amateur HaFi of Dithmenos (D:3)
  2 big kobolds (D:13)
  20 giant frogs
  4 scorpions
  24 killer bees (Lair:4)
  19 wights
  3 howler monkeys
  5 crimson imps
  A quasit (D:14)
  A wyvern simulacrum (D:14)
  A giant frog zombie (D:7)
  18 orc priests
  4 hounds
  5 jellies
  9 centaur skeletons
  5 iguanas
  2 giant frog skeletons
  25 orc wizards
  9 worker ants
  22 sheep
  A hound zombie (D:6)
  3 gnolls (D:4)
  60 river rats
  14 adders
  2 howler monkey skeletons
  2 adder skeletons
  2 worms
  9 giant geckos
  108 orcs
  A ball python (D:2)
  7 giant cockroaches
  4 goblins
  9 hobgoblins
  15 jackals
  8 quokkas
  4 bats
  5 giant newts
  14 kobolds
  9 rats
  A fungus (Lair:3)
  6 plants
779 creatures vanquished.

Vanquished Creatures (others)
  A vampire mosquito (D:14)
  A wasp (D:6)
  A fungus (Lair:3)
  4 plants (Lair:6)
7 creatures vanquished.

Grand Total: 786 creatures vanquished

Notes
Turn   | Place    | Note
--------------------------------------------------------------
     0 | D:1      | Hubbles the Demonspawn Berserker began the quest for the Orb.
     0 | D:1      | Reached XP level 1. HP: 18/18 MP: 1/1
   163 | D:1      | Reached skill level 3 in Axes
   647 | D:1      | Gained mutation: You are slightly more attuned to the shadows. [demonic ancestry]
   647 | D:1      | Reached XP level 2. HP: 16/24 MP: 2/2
  1371 | D:1      | Reached ** piety under Trog
  1371 | D:1      | Gained mutation: You are significantly more attuned to the shadows. [demonic ancestry]
  1371 | D:1      | Reached XP level 3. HP: 18/29 MP: 3/3
  1515 | D:2      | Found an iron altar of Okawaru.
  1517 | D:2      | Found a hazy altar of Hepliaklqana.
  1517 | D:2      | Found a sparkling altar of Nemelex Xobeh.
  1517 | D:2      | Found a deep blue altar of Sif Muna.
  1519 | D:2      | Found a snail-covered altar of Cheibriados.
  1519 | D:2      | Found a glowing golden altar of the Shining One.
  1520 | D:2      | Found a blossoming altar of Fedhas.
  1657 | D:2      | Reached skill level 4 in Axes
  2448 | D:3      | Noticed broliato's ghost (amateur HaFi)
  2449 | D:3      | Reached XP level 4. HP: 35/35 MP: 4/4
  2464 | D:3      | Killed broliato's ghost
  2464 | D:3      | Reached skill level 5 in Axes
  2464 | D:3      | Gained mutation: You have sharp toenails. [demonic ancestry]
  2464 | D:3      | Reached XP level 5. HP: 41/41 MP: 5/5
  3372 | D:4      | Noticed Crabhammer's ghost (amateur FoHu)
  3374 | D:4      | Reached skill level 1 in Shields
  3382 | D:4      | Gained mutation: You are surrounded by a mild repulsion field. (EV +2) [demonic ancestry]
  3382 | D:4      | Reached XP level 6. HP: 47/47 MP: 6/6
  3384 | D:4      | Killed Crabhammer's ghost
  3384 | D:4      | Reached skill level 6 in Axes
  3549 | D:4      | Gained mutation: You have razor-sharp toenails. [demonic ancestry]
  3549 | D:4      | Reached XP level 7. HP: 47/52 MP: 7/7
  3577 | D:4      | Found Paug's Food Shop.
  3604 | D:4      | Found a shimmering altar of Xom.
  3615 | D:4      | Reached *** piety under Trog
  4238 | D:4      | Found a staircase to the Ecumenical Temple.
  4572 | D:4      | Found an ancient bone altar of Kikubaaqudgha.
  4572 | D:4      | Found a burning altar of Makhleb.
  4726 | D:5      | Entered Level 5 of the Dungeon
  4878 | D:5      | Gained mutation: You have claws for feet. [demonic ancestry]
  4878 | D:5      | Reached XP level 8. HP: 51/60 MP: 8/8
  5104 | D:5      | Noticed broliato's ghost (novice HaAs)
  5121 | D:5      | Killed broliato's ghost
  5121 | D:5      | Reached skill level 7 in Axes
  5287 | D:5      | Noticed Menkaure
  5294 | D:5      | Killed Menkaure
  5866 | D:6      | Found an oddly glowing altar of Pakellas.
  5866 | D:6      | Noticed an orange crystal statue
  6192 | D:7      | Noticed Prince Ribbit
  6251 | D:7      | Reached skill level 5 in Fighting
  6384 | D:7      | Killed Prince Ribbit
  6384 | D:7      | Reached skill level 5 in Shields
  6916 | D:7      | Gained mutation: You are surrounded by a moderate repulsion field. (EV +3) [demonic ancestry]
  6916 | D:7      | Reached XP level 9. HP: 64/65 MP: 9/9
  7188 | D:8      | Reached skill level 8 in Axes
  7473 | D:8      | Reached **** piety under Trog
  7877 | D:8      | Reached skill level 5 in Armour
  7894 | D:8      | Noticed a troll
  7902 | D:8      | Killed a troll
  8059 | D:8      | Gained mutation: Your natural rate of healing is unusually fast. [potion of mutation]
  8059 | D:8      | Gained mutation: You have a pair of small horns on your head. [potion of mutation]
  8059 | D:8      | Gained mutation: Your mind is acute. (Int +2) [potion of mutation]
  8199 | D:8      | Reached skill level 9 in Axes
  8470 | D:9      | Found an opulent altar of Gozag.
  8657 | D:9      | Noticed Rohain's ghost (novice DrCj)
  8671 | D:9      | Killed Rohain's ghost
  8906 | D:9      | Noticed a komodo dragon
  8916 | D:9      | Killed a komodo dragon
  8916 | D:9      | Reached XP level 10. HP: 50/74 MP: 10/10
  9182 | D:9      | Found a staircase to the Lair.
  9237 | D:9      | Reached skill level 10 in Axes
  9442 | D:10     | Entered Level 10 of the Dungeon
  9442 | D:10     | Noticed a hill giant
  9456 | D:9      | Killed a hill giant
  9767 | D:10     | Noticed a hill giant
  9774 | D:10     | Killed a hill giant
 10233 | D:10     | Reached ***** piety under Trog
 10484 | D:10     | Reached skill level 11 in Axes
 10569 | D:10     | Got an encrusted plate armour
 10580 | D:10     | Identified the +14 plate armour of the Special Places {rF- rN++} (You found it on level 10 of the Dungeon)
 10636 | D:10     | Noticed Erolcha
 10655 | D:10     | Killed Erolcha
 10655 | D:10     | Reached XP level 11. HP: 35/86 MP: 11/11
 11058 | D:11     | Found a staircase to the Orcish Mines.
 11201 | D:11     | Found Ewihym's Distillery.
 11212 | D:11     | Bought 2 potions of curing for 96 gold pieces
 11212 | D:11     | Bought a potion of heal wounds for 80 gold pieces
 11212 | D:11     | Bought 2 potions of mutation for 80 gold pieces
 11213 | D:11     | Gained mutation: Your flesh is heat resistant. (rF+) [potion of mutation]
 11213 | D:11     | Gained mutation: You heal very quickly. [potion of mutation]
 11221 | D:11     | Bought a potion of curing for 48 gold pieces
 11520 | D:11     | Noticed a centaur warrior
 11521 | D:11     | Noticed a hill giant
 11536 | D:11     | Killed a centaur warrior
 11537 | D:11     | Killed a hill giant
 11706 | Lair:1   | Entered Level 1 of the Lair of Beasts
 12179 | Lair:1   | Identified a scroll of acquirement
 12247 | Lair:1   | Got a pitted leather armour
 12248 | Lair:1   | Identified the +1 leather armour "Lor Isiran" {Str+3} (You found it on level 1 of the Lair of Beasts)
 12644 | Lair:2   | Reached skill level 12 in Axes
 12994 | Lair:2   | Noticed Urug
 13027 | Lair:2   | Killed Urug
 13234 | Lair:2   | You fall through a shaft for 2 floors!
 13474 | Lair:4   | Received a gift from Trog
 13959 | Lair:4   | Found a staircase to the Shoals.
 14162 | Lair:5   | Found a staircase to the Slime Pits.
 14275 | Lair:5   | Reached XP level 12. HP: 75/97 MP: 12/12
 14758 | Lair:6   | Entered Level 6 of the Lair of Beasts
 14765 | Lair:6   | Noticed a seven-headed hydra
 14774 | Lair:6   | Killed a ten-headed hydra
 14792 | Lair:6   | Reached skill level 10 in Fighting
 14864 | Lair:6   | Noticed a five-headed hydra
 14870 | Lair:6   | Killed an eight-headed hydra
 14870 | Lair:6   | Reached skill level 13 in Axes
 15078 | Lair:6   | Got a dazzling buckler
 15097 | Lair:6   | Identified the -5 buckler "Viynk" {rElec rN+} (You found it on level 6 of the Lair of Beasts)
 15173 | Lair:6   | Noticed a catoblepas
 15181 | Lair:6   | Killed a catoblepas
 15251 | Lair:6   | Noticed an eight-headed hydra
 15256 | Lair:6   | Killed a ten-headed hydra
 15378 | Lair:6   | Noticed a five-headed hydra
 15385 | Lair:6   | Killed a nine-headed hydra
 15899 | Lair:6   | Noticed a death yak
 15900 | Lair:6   | Noticed a death yak
 15904 | Lair:6   | Killed a death yak
 15912 | Lair:6   | Killed a death yak
 15947 | Lair:6   | Noticed a death yak
 15948 | Lair:6   | Noticed a death yak
 15949 | Lair:6   | Noticed a death yak
 15956 | Lair:6   | Killed a death yak
 15959 | Lair:6   | Killed a death yak
 15959 | Lair:6   | Killed a death yak
 15959 | Lair:6   | Reached ****** piety under Trog
 16033 | Lair:6   | Noticed a catoblepas
 16055 | Lair:6   | Killed a catoblepas
 16055 | Lair:6   | Reached XP level 13. HP: 105/105 MP: 13/13
 16085 | Lair:6   | Received a gift from Trog
 16090 | Lair:6   | Reached skill level 14 in Axes
 16732 | Lair:3   | Reached skill level 10 in Armour
 16769 | Lair:3   | Found a hole to the Spider Nest.
 16931 | Lair:3   | Noticed Maud
 16947 | Lair:3   | Killed Maud
 18086 | D:11     | Found a bloodstained altar of Trog.
 18722 | D:12     | Found an iron altar of Okawaru.
 18722 | D:12     | Noticed an orc warlord
 18836 | D:12     | Received a gift from Trog
 19278 | D:12     | Reached XP level 14. HP: 76/113 MP: 14/14
 19628 | D:12     | Killed an orc warlord
 19664 | D:12     | Got a pair of slimy gloves
 19675 | D:12     | Identified the +0 pair of gloves of Contentment {Int+3} (You found it on level 12 of the Dungeon)
 19730 | D:12     | Got a pair of distressingly furry gloves
 19741 | D:12     | Identified the +5 pair of gloves of Nobility {*Drain rN+++ Str-4 SInv} (You found it on level 12 of the Dungeon)
 19946 | Orc:1    | Entered Level 1 of the Orcish Mines
 20057 | Orc:2    | Entered Level 2 of the Orcish Mines
 20255 | Orc:2    | Found a roughly hewn altar of Beogh.
 20270 | Orc:2    | Found Vineqeil's Gadget Emporium.
 20323 | Orc:2    | Reached skill level 15 in Axes
 20340 | Orc:2    | Found a staircase to the Elven Halls.
 20358 | Orc:2    | Found a roughly hewn altar of Beogh.
 20518 | Orc:2    | Found a roughly hewn altar of Beogh.
 20621 | Orc:2    | Received a gift from Trog
 21340 | Orc:2    | Found a roughly hewn altar of Beogh.
 21344 | Orc:2    | Found Hoah's Food Emporium.
 21400 | Orc:2    | Found a roughly hewn altar of Beogh.
 21430 | Orc:2    | Received a gift from Trog
 21463 | Orc:2    | Reached skill level 10 in Shields
 21466 | Orc:2    | Noticed an orc warlord
 21473 | Orc:2    | Found Utzun's Antique Weapon Boutique.
 21479 | Orc:2    | Killed an orc warlord
 21489 | Orc:2    | Found a roughly hewn altar of Beogh.
 21522 | Orc:2    | Found Fiepan's Antique Armour Shop.
 21661 | Orc:2    | Bought an ichor-stained plate armour for 756 gold pieces
 21793 | Orc:2    | Found a roughly hewn altar of Beogh.
 21847 | Orc:2    | Found a roughly hewn altar of Beogh.
 21888 | Orc:2    | Bought a wand of digging (12/24) for 352 gold pieces
 21888 | Orc:2    | Identified the +3 plate armour "Maaniav" {rN+ Regen+} (You bought it in a shop on level 2 of the Orcish Mines)
 22382 | D:13     | Received a gift from Trog
 22530 | D:13     | Found a gate to the Vaults.
 22575 | D:13     | Reached skill level 1 in Evocations
 22797 | D:14     | Reached XP level 15. HP: 56/121 MP: 15/15
 22872 | D:14     | Found a frozen archway.
 23259 | D:14     | HP: 4/121 [boulder beetle (21)]
 23270 | D:15     | Entered Level 15 of the Dungeon
 24202 | D:15     | Reached skill level 16 in Axes
 24305 | D:15     | Found a staircase to the Depths.
 24808 | Spider:1 | Entered Level 1 of the Spider Nest
 24809 | Spider:1 | Noticed Frances
 24811 | Spider:1 | Noticed Asterion
 24819 | Spider:1 | Killed Frances
 24828 | Spider:1 | HP: 5/183 [poisoned by Asterion]
 24829 | Spider:1 | Succumbed to Asterion's poison

Vault maps used:
D:1:      lightli_arrival_quake
D:2:      grunt_temple_overflow_open, first_bread
D:3:      minmay_misc_feat_enclosed
D:4:      gammafunk_temple_overflow_elements, minmay_temple_entry_trees,
          serial_shops, nicolae_shop_statue_plus, serial_glass, glass_columns_b,
          glass_columns_a, xom_teletrap_fun
D:5:      grunt_ministairs_6, uniq_menkaure
D:6:      gammafunk_pakellas_statue_experiment
D:7:      kennysheep_spiral_hall, uniq_prince_ribbit1
D:8:      grunt_decor_arrowhead
D:9:      nicolae_overflow_crystal_walls, erik_lair_dragon
D:10:     nicolae_whirlpool, grunt_tengu_nest, uniq_erolcha
D:11:     lemuel_upstairs_altar, orc_0_dummy, serial_shops, shop,
          kennysheep_flooded_box
D:12:     evilmike_iron_armoury, kennysheep_decorative_pillar,
          kennysheep_another_room, st_stairs_5
D:13:     david_vaults_5
D:14:     portal_ice_cave_entry_pillars_2, einodemon_crawler_minivault
D:15:     hangedman_depths_entry_try_elsewhere_first, serial_bayou_pond_d
Lair:1:   grunt_megastairs_5
Lair:2:   serial_forest, infiniplex_forest_lined_room_2,
          infiniplex_forest_diagonal, infiniplex_forest_clump_large,
          infiniplex_forest_straight_3, infiniplex_forest_end_3,
          infiniplex_forest_lined_room_2, uniq_urug
Lair:3:   spider_nest_entry_a, uniq_maud
Lair:4:   minmay_shoals_entry_lonely_mermaid, special_room
Lair:5:   minmay_slime_entry_pillars
Lair:6:   evilmike_catoblepas_cave, infiniplex_staircase_pool,
          lemuel_fruit_tree, grunt_megastairs_2
Spider:1: uniq_frances, uniq_kirke, uniq_asterion
Orc:2:    grunt_orc_community_town_hall, grunt_orc_community_big_house_2,
          grunt_orc_community_big_house_2, grunt_orc_community_house_3,
          grunt_orc_community_house_3, grunt_orc_community_house_1,
          grunt_orc_community_house_2, grunt_orc_community_house_3,
          grunt_orc_community_house_3

Skill      XL: |  1  2  3  4  5  6  7  8  9 10 11 12 13 14 15 |
---------------+----------------------------------------------+-----
Axes           | 3 4 5 6 7 9 11 12 13 14 15 16 | 16.1
Armour         | 2 3 4 5 7 8 9 10 11 | 11.5
Shields        | 1 2 3 5 6 9 10 11 | 11.4
Fighting       | 4 5 6 8 9 10 11 12 | 12.6
Evocations     | 1 3 |  3.2
Dodging        | |  1.7

Action                   |  1- 3 |  4- 6 |  7- 9 | 10-12 | 13-15 || total
-------------------------+-------+-------+-------+-------+-------++-------
Melee: Hand axe          |   140 |    91 |   234 |       |       ||   465
       Kick              |       |    20 |    97 |   203 |   291 ||   611
       War axe           |       |       |   147 |   554 |       ||   701
       Headbutt          |       |       |     7 |   138 |   201 ||   346
       Broad axe         |       |       |       |   140 |   927 ||  1067
Throw: Throwing net      |       |       |     4 |     3 |       ||     7
Invok: Berserk           |     1 |     2 |     8 |    12 |    10 ||    33
       Trog's Hand       |       |       |       |     3 |     2 ||     5
       Burn Spellbooks   |       |       |       |     1 |     1 ||     2
Evoke: Wand              |       |       |     1 |     9 |     2 ||    12
       Phantom mirror    |       |       |       |       |     1 ||     1
  Use: Scroll            |     5 |     4 |     9 |    11 |    11 ||    40
       Potion            |       |     2 |     1 |     6 |     1 ||    10
 Stab: Sleeping          |     9 |     3 |     8 |       |       ||    20
       Held in net/web   |       |       |       |     1 |       ||     1
  Eat: Chunk             |     5 |     7 |    11 |    17 |    10 ||    50
       Pizza             |       |       |     1 |     1 |     1 ||     3
       Bread ration      |       |       |     2 |       |       ||     2
       Beef jerky        |       |       |     1 |       |     1 ||     2
       Meat ration       |       |       |     1 |     1 |     1 ||     3
       Fruit             |       |       |       |     3 |     5 ||     8
       Royal jelly       |       |       |       |     4 |    13 ||    17
Armor: Animal skin       |    41 |       |       |       |       ||    41
       Ring mail         |     1 |    32 |    66 |       |       ||    99
       Chain mail        |       |       |    46 |    11 |       ||    57
       Plate armour      |       |       |       |   426 |   625 ||  1051
Dodge: Dodged            |   133 |    40 |   168 |   349 |   380 ||  1070
Block: Buckler           |       |     5 |    81 |   193 |   255 ||   534
